 Dungeon Crawl Stone Soup version 0.18.1-8-gdd0e5ea (webtiles) character file.

1159 Krapule the Charmwright (level 7, 0/90 HPs)
             Began as a Demigod Skald on June 5, 2016.
             Succumbed to a killer bee's poison
             ... on level 7 of the Dungeon.
             The game lasted 00:23:10 (6600 turns).

Krapule the Charmwright (Demigod Skald)             Turns: 6600, Time: 00:23:11

Health: 0/90       AC:  7    Str: 24    XL:     7   Next: 95%
Magic:  3/13       EV: 14    Int: 21    God:
Gold:   233        SH:  0    Dex: 15    Spells: 2 memorised, 6 levels left

rFire  + . .     SeeInvis .     a - +0 spear
rCold  . . .     Gourm    .     b - +1 leather armour
rNeg   . . .     Faith    .     (no shield)
rPois  .         Spirit   +     (no helmet)
rElec  .         Dismiss  .     (no cloak)
rCorr  .         Reflect  .     w - +1 pair of gloves
SustAt +         Harm     .     y - +0 pair of boots
MR     .....                    p - amulet of guardian spirit
Stlth  ..........               (no ring)
                                l - ring of protection from fire

@: mighty, brilliant, berserking (expiring), lethally poisoned (0 -> -14),
flying, very quick, not resistant to hostile enchantments, extremely unstealthy
A: high mp 1, sustain attributes
a: no special abilities


You were on level 7 of the Dungeon.
You were not hungry.

You visited 1 branch of the dungeon, and saw 6 of its levels.
You also visited: Sewer.

You collected 233 gold pieces.

Inventory:

Hand Weapons
 a - a +0 spear (weapon)
Armour
 b - a +1 leather armour (worn)
 w - a +1 pair of gloves (worn)
 y - a +0 pair of boots (worn)
Jewellery
 l - a ring of protection from fire (left hand)
 p - an amulet of guardian spirit (around neck)
Wands
 A - a wand of acid (10/15)
Scrolls
 f - a scroll of enchant armour
 i - 2 scrolls of teleportation
 n - 2 scrolls of magic mapping
 o - 2 scrolls of amnesia
 r - 2 scrolls of remove curse
 u - a scroll of identify
 x - 4 scrolls of fear
 z - a scroll of immolation {unknown}
Potions
 e - a potion of agility
 h - a potion of magic
 q - a potion of brilliance
 t - a potion of cancellation {unknown}
Books
 c - a book of Battle

   Spells                             Type                      Level
   a - Infusion                       Charms                       1
   b - Shroud of Golubria             Charms/Translocation         2
   c - Song of Slaying                Charms                       2
   d - Spectral Weapon                Hexes/Charms                 3
   e - Regeneration                   Charms/Necromancy            3
Comestibles
 d - 4 bread rations
 j - 2 meat rations


   Skills:
 + Level 4.4 Fighting
 - Level 2.0 Polearms
 - Level 2.0 Armour
 + Level 4.3 Dodging
 - Level 2.0 Spellcasting
 * Level 6.6 Charms


You had 6 spell levels left.
You knew the following spells:

 Your Spells              Type           Power        Failure   Level  Hunger
a - Infusion              Chrm           ####         1%          1    #......
z - Spectral Weapon       Hex/Chrm       ####....     1%          3    ###....


Dungeon Overview and Level Annotations

Branches:
Dungeon (7/15)
 Temple: D:4-7

Annotations:
D:4 Blork the orc


Innate Abilities, Weirdness & Mutations

You have an increased reservoir of magic (+10% MP).
Your attributes are resistant to harm.


Message History

The killer bee is almost dead.
* * * LOW HITPOINT WARNING * * *
You feel sick.
Your spectral weapon barely misses the killer bee.
The killer bee stings you.
* * * LOW HITPOINT WARNING * * *
You are more poisoned.
The killer bee poisons you!
You hit the killer bee.
You kill the killer bee!
* * * LOW HITPOINT WARNING * * *
You feel sick. The killer bee completely misses you.
You barely miss the killer bee.
* * * LOW HITPOINT WARNING * * *
You feel sick.
Your spectral weapon hits the killer bee from afar.
The killer bee barely misses you.
You closely miss the killer bee.
The killer bee is moderately wounded.
You die...

#.............##............####.
#..............##...........# ##
#..............# ...#.......# #
#............. #.....##...# #
#............ #..(## #####
............ ##..## # ..#........
#y.## # ..######## ##y## #. .##
##@## ## ## ##(.# # # #####..## #
####.....## ##.......##
######........# ...........<.##
.............# #####.........#


You could see 2 killer bees and a friendly spectral spear.

Vanquished Creatures
  Menkaure (D:4)
  2 eyes of draining (D:4)
  An ogre (D:3)
  A phantom (D:4)
  A giant frog (D:7)
  3 killer bees (D:7)
  A howler monkey (D:3)
  A crimson imp (D:7)
  A hound (D:4)
  An orc priest (D:3)
  An orc wizard (D:3)
  Ijyb (D:2)
  Natasha (twice) (D:4)
  3 gnolls (D:3)
  A howler monkey skeleton (D:4)
  6 river rats
  7 adders
  2 oozes
  3 worms (D:2)
  A dart slug (D:2)
  2 giant geckos
  3 orcs
  4 ball pythons
  7 bats
  10 giant cockroaches
  9 goblins
  4 hobgoblins
  2 quokkas
  A giant gecko skeleton (D:6)
  10 giant newts
  6 kobolds
  14 rats
112 creatures vanquished.

Vanquished Creatures (others)
  3 spectral weapons
3 creatures vanquished.

Grand Total: 115 creatures vanquished

Notes
Turn   | Place    | Note
--------------------------------------------------------------
     0 | D:1      | Krapule the Demigod Skald began the quest for the Orb.
     0 | D:1      | Reached XP level 1. HP: 17/17 MP: 5/5
     9 | D:1      | Reached skill level 1 in Dodging
   648 | D:1      | Reached XP level 2. HP: 24/24 MP: 7/7
   941 | D:2      | Reached skill level 1 in Armour
  1009 | D:2      | Reached skill level 3 in Charms
  1081 | D:2      | Reached XP level 3. HP: 8/29 MP: 8/8
  1614 | D:2      | Noticed Ijyb
  1634 | D:2      | Killed Ijyb
  1866 | D:2      | Reached XP level 4. HP: 37/37 MP: 9/9
  2162 | D:2      | Found a sparkling altar of Nemelex Xobeh.
  2320 | D:3      | Reached skill level 4 in Charms
  2555 | D:3      | Found an opulent altar of Gozag.
  2814 | D:3      | Reached XP level 5. HP: 39/42 MP: 8/10
  3248 | D:3      | Noticed an ogre
  3286 | D:3      | Killed an ogre
  3286 | D:3      | Reached skill level 5 in Charms
  3286 | D:3      | Reached XP level 6. HP: 7/51 MP: 1/11
  3546 | D:3      | Learned a level 3 spell: Spectral Weapon
  3715 | D:4      | Found an oddly glowing altar of Pakellas.
  3946 | D:4      | Found a glowing drain.
  3950 | Sewer    | Entered a sewer
  4666 | D:4      | Noticed Blork the orc
  4792 | D:4      | Noticed Natasha
  4807 | D:4      | Killed Natasha
  5441 | D:4      | Noticed Menkaure
  5452 | D:4      | Killed Menkaure
  5452 | D:4      | Reached XP level 7. HP: 19/58 MP: 4/13
  5739 | D:4      | Found a bloodstained altar of Trog.
  5768 | D:4      | Reached skill level 6 in Charms
  5945 | D:4      | Noticed Natasha
  5951 | D:4      | Killed Natasha
  6060 | D:4      | You fall through a shaft for 3 floors!
  6241 | D:6      | HP: 2/59 [orc warrior/glaive (2)]
  6597 | D:7      | HP: 4/90 [killer bee (2)]
  6600 | D:7      | Succumbed to a killer bee's poison

Skill      XL: |  1  2  3  4  5  6  7 |
---------------+----------------------+-----
Dodging        | 1 2 3 4 |  4.3
Armour         | 1 2 |  2.0
Polearms       | 2 |  2.0
Spellcasting   | 2 |  2.0
Charms         | 3 4 5 6 |  6.6
Fighting       | 2 3 4 |  4.4

Action                   |  1- 3 |  4- 6 |  7- 9 || total
-------------------------+-------+-------+-------++-------
Melee: Spear             |   177 |   429 |   150 ||   756
 Cast: Infusion          |     1 |     6 |     4 ||    11
       Spectral Weapon   |       |     2 |     5 ||     7
  Use: Potion            |     1 |     1 |     9 ||    11
       Scroll            |       |     5 |     3 ||     8
 Stab: Sleeping          |       |     3 |       ||     3
  Eat: Chunk             |     3 |     8 |       ||    11
       Pizza             |       |     2 |       ||     2
       Beef jerky        |       |     1 |       ||     1
       Meat ration       |       |       |     1 ||     1
Armor: Leather armour    |    36 |    85 |    27 ||   148
Dodge: Dodged            |    71 |   268 |    95 ||   434
